 Dungeon Crawl Stone Soup version 0.19.0-26-g9e9c210 (webtiles) character file.

1000 kae the Basher (level 8, 0/58 HPs)
             Began as a Formicid Fighter on Nov 23, 2016.
             Engulfed by a cloud of flame (4 damage)
             ... on level 4 of the Dungeon.
             The game lasted 00:03:00 (2758 turns).

kae the Basher (Formicid Fighter)                   Turns: 2758, Time: 00:03:01

Health: 0/58       AC:  6    Str: 22    XL:     8   Next: 43%
Magic:  0/8        EV:  8    Int:  9    God:
Gold:   118        SH:  9    Dex: 10    Spells: 0 memorised, 7 levels left

rFire  + . .     SeeInvis +     n - +1 flail (holy)
rCold  . . .     Gourm    .     o - +1 ring mail {rF+}
rNeg   . . .     Faith    .     c - +0 shield
rPois  .         Spirit   +     (helmet unavailable)
rElec  .         Reflect  .     (no cloak)
rCorr  .         Harm     .     (no gloves)
MR     .....                    (no boots)
Stlth  ..........               l - amulet of guardian spirit
                                (no ring)
                                (no ring)

@: no status effects
A: permanent stasis, dig shafts and tunnels, four strong arms, antennae 3
a: Dig, Shaft Self


You were on level 4 of the Dungeon.
You were hungry.

You visited 1 branch of the dungeon, and saw 4 of its levels.

You collected 118 gold pieces.

Inventory:

Hand Weapons
 a - a +0 flail
 n - a +1 flail of holy wrath (weapon)
Armour
 b - a +0 scale mail
 c - a +0 shield (worn)
 o - a +1 ring mail of fire resistance (worn)
Jewellery
 j - an uncursed ring of protection from magic {unknown}
 l - an amulet of guardian spirit (around neck)
Wands
 d - a wand of slowing (20/48)
 m - a wand of disintegration (24/24)
Scrolls
 e - 5 scrolls of teleportation
 v - 2 scrolls of identify
Potions
 k - 2 potions of flight
 p - 3 potions of brilliance
 q - a potion of degeneration
Comestibles
 f - 3 bread rations
 g - 2 meat rations
 s - a slice of pizza
 w - a chunk of flesh


   Skills:
 - Level 3.2 Fighting
 + Level 9.4 Maces & Flails
 - Level 3.2 Armour
 - Level 3.6 Shields


You had 7 spell levels left.
You didn't know any spells.

Dungeon Overview and Level Annotations

Branches:
Dungeon (4/15)
 Temple: D:4-7

Altars:
Uskayaw

Annotations:
D:4 Robin


Innate Abilities, Weirdness & Mutations

You are under a permanent stasis effect.
You can dig through walls and to a lower floor.
Your four strong arms can wield two-handed weapons with a shield.
You have a pair of large antennae on your head. (SInv)


Message History

You barely miss the hobgoblin.
The hobgoblin is heavily wounded.
The hobgoblin hits you but does no damage. x2
You hit the hobgoblin.
You kill the hobgoblin!
You sock the goblin!
You kill the goblin!
You sock the orc!
You kill the orc!
You closely miss the orc wizard. You block the orc wizard's attack.
You sock the orc wizard!
The orc wizard explodes!
The fiery explosion engulfs you! You resist.
You are engulfed in roaring flames.
You resist.
* * * LOW HITPOINT WARNING * * *
You hear a shout!
You swing at nothing.
You are engulfed in roaring flames.
You resist.
* * * LOW HITPOINT WARNING * * *
You swing at nothing.
You are engulfed in roaring flames.
You resist.
You die... ... ##.# <.... #.# g.g

#.. #.# ..
#.# .. #o #.#
.# ... #.##
###'#.?.g
#..#
#..o.....
##.###..o{.#
#.#@#)....#
#.)#)#.......
##.###..####.
#.ยง# ..#
##.# ..# ..
..# #.#..# {
{{ .e..# #..


There were no monsters in sight!

Vanquished Creatures
  Grinder (D:3)
  Sigmund (D:2)
  Duvessa (D:4)
  2 ogres
  The ghost of dscm the Sneak, an amateur OpEE (D:4)
  Dowan (D:4)
  An orc priest (D:3)
  Terence (D:2)
  2 orc wizards (D:4)
  4 adders
  An ooze (D:3)
  A worm (D:3)
  2 dart slugs
  3 leopard geckos
  11 orcs
  A ball python (D:4)
  4 giant cockroaches
  6 goblins
  8 hobgoblins
  8 jackals
  10 kobolds
  2 quokkas (D:3)
  6 bats
  4 frilled lizards
  3 rats
85 creatures vanquished.

Notes
Turn   | Place    | Note
-------+----------+-------------------------------------------
     0 | D:1      | kae the Formicid Fighter began the quest for the Orb.
     0 | D:1      | Reached XP level 1. HP: 18/18 MP: 1/1
    47 | D:1      | Reached XP level 2. HP: 20/24 MP: 2/2
   122 | D:1      | Reached skill level 3 in Maces & Flails
   273 | D:1      | Reached XP level 3. HP: 29/29 MP: 3/3
   877 | D:2      | Noticed Sigmund
   886 | D:2      | Killed Sigmund
   886 | D:2      | Reached skill level 5 in Maces & Flails
   886 | D:2      | Reached XP level 4. HP: 8/35 MP: 4/4
   886 | D:2      | Reached XP level 5. HP: 10/41 MP: 5/5
   886 | D:2      | Reached XP level 6. HP: 11/47 MP: 6/6
  1243 | D:2      | Noticed Terence
  1253 | D:2      | Killed Terence
  1253 | D:2      | Reached skill level 6 in Maces & Flails
  1563 | D:3      | Found a hide-covered altar of Uskayaw.
  1672 | D:3      | Noticed Grinder
  1679 | D:3      | Killed Grinder
  1679 | D:3      | Reached skill level 7 in Maces & Flails
  1679 | D:3      | Reached XP level 7. HP: 45/52 MP: 7/7
  2336 | D:3      | Reached skill level 8 in Maces & Flails
  2540 | D:4      | Noticed dscm's ghost (amateur OpEE)
  2548 | D:4      | Killed dscm's ghost
  2548 | D:4      | Reached XP level 8. HP: 58/58 MP: 8/8
  2713 | D:4      | Noticed Duvessa
  2715 | D:4      | Noticed Dowan
  2729 | D:4      | Noticed Robin
  2737 | D:4      | Killed Duvessa
  2737 | D:4      | Killed Dowan
  2737 | D:4      | Reached skill level 9 in Maces & Flails
  2758 | D:4      | Engulfed by a cloud of flame

Skill      XL: |  1  2  3  4  5  6  7  8 |
---------------+-------------------------+-----
Maces & Flails | 3 5 7 8 9 |  9.4
Fighting       | |  3.2
Armour         | |  3.2
Shields        | |  3.6

Action                   |  1- 3 |  4- 6 |  7- 9 || total
-------------------------+-------+-------+-------++-------
Melee: Flail             |   125 |    81 |    93 ||   299
 Abil: Dig               |       |       |     1 ||     1
  Use: Potion            |     1 |       |     1 ||     2
       Scroll            |       |       |    10 ||    10
  Eat: Chunk             |       |     3 |     3 ||     6
Armor: Scale mail        |    74 |     1 |       ||    75
       Ring mail         |       |    19 |    18 ||    37
Dodge: Dodged            |    56 |    21 |    26 ||   103
Block: Shield            |   101 |    38 |    46 ||   185
